 Dungeon Crawl Stone Soup version 0.27.0-1-g7a089689b8 (webtiles) character file.

Game seed: 15323157639037110424

459 fiver49 the Chopper (level 7, -2/50 HPs)
             Began as a Formicid Warper on Aug 2, 2021.
             Slain by Blork the orc (5 damage)
             ... on level 5 of the Dungeon.
             The game lasted 00:07:50 (4552 turns).

fiver49 the Chopper (Formicid Warper)               Turns: 4552, Time: 00:07:50

Health: -2/50      AC: 11    Str: 17    XL:     7   Next: 27%
Magic:  10/10      EV: 11    Int: 13    God:
Gold:   112        SH:  0    Dex: 10    Spells: 10/10 levels left

rFire    . . .     SeeInvis +   a - +0 hand axe
rCold    . . .     Faith    .   (no shield)
rNeg     . . .     Spirit   .   g - +0 ring mail
rPois    .         Reflect  .   (helmet unavailable)
rElec    .         Harm     .   o - +1 cloak {rCorr}
rCorr    +         Rampage  .   (no gloves)
Will     .....                  (no boots)
Stlth    ..........             q - amulet of magic regeneration
HPRegen  0.16/turn              d - +4 ring of protection
MPRegen  0.37/turn              (no ring)

@: lethally poisoned (-2 -> -26)
A: permanent stasis, dig shafts and tunnels, antennae 3, four strong arms
a: Dig, Shaft Self


You were on level 5 of the Dungeon.
You visited 1 branch of the dungeon, and saw 5 of its levels.

You collected 208 gold pieces.
You spent 96 gold pieces at shops.

Inventory:

Hand Weapons
 a - a +0 hand axe (weapon)
Missiles
 c - 2 boomerangs of dispersal
 e - 5 poisoned darts (quivered)
 v - a throwing net
 w - 6 atropa-tipped darts
 z - 8 javelins
Armour
 b - a +0 leather armour
 g - a +0 ring mail (worn)
 o - a +1 cloak of preservation (worn)
Jewellery
 d - a +4 ring of protection (left hand)
 q - an amulet of magic regeneration (around neck)
Wands
 u - a wand of paralysis (4)
 x - a wand of iceblast (8)
 A - a wand of flame (20)
Scrolls
 h - a scroll of amnesia {unknown}
 i - a scroll of magic mapping {unknown}
 j - a scroll of noise {unknown}
 l - a scroll of identify {unknown}
 m - 2 scrolls of teleportation {unknown}
 p - a scroll of immolation {unknown}
 y - a scroll of enchant armour {unknown}
Potions
 f - 2 potions of lignification {unknown}
 k - a potion of cancellation {unknown}
 n - a potion of flight {unknown}
 r - a potion of curing
 s - a potion of heal wounds
 t - a potion of magic {unknown}
 B - a potion of might {unknown}


   Skills:
 - Level 2.1 Fighting
 + Level 7.4 Axes
 - Level 1.0 Throwing
 - Level 1.1 Armour
 - Level 1.7 Dodging
 - Level 2.1 Spellcasting
 - Level 2.6 Translocations


You had 10 spell levels left.
You didn't know any spells.
Your spell library contained the following spells:

 Spells                   Type           Power      Damage    Failure   Level
 Gell's Gravitas          Tloc           4%         N/A       43%         3
 Lesser Beckoning         Tloc           4%         N/A       43%         3
 Teleport Other           Tloc           8%         N/A       43%         3
 Ozocubu's Armour         Ice            1%         N/A       80%         3
 Manifold Assault         Tloc           8%         N/A       99%         5
 Ozocubu's Refrigeration  Ice            0%         4d5       100%        7
 Blink                    Tloc           Unusable   N/A       N/A         2

Dungeon Overview and Level Annotations

Branches:
Dungeon (5/15)
 Temple: D:4-7

Altars:

Shops:
D:4 !

Annotations:
D:5 Blork the orc


Innate Abilities, Weirdness & Mutations

You cannot be hasted, slowed, berserked, paralysed or teleported.
You can dig through walls and to a lower floor.
You have a pair of large antennae on your head. (SInv)
Your four strong arms can wield two-handed weapons with a shield.


Message History

You barely miss the adder.
The adder is heavily wounded.
The adder bites you.
You slash the adder!
You kill the adder!
No target in view!
You climb downwards.
Level annotation: Blork the orc Blork the orc hits you with a +1 dire flail of venom!
You are poisoned.
There is a stone staircase leading up here.
You closely miss Blork the orc.
Blork the orc is lightly wounded.
You feel very sick. Blork the orc barely misses you.
You slash Blork the orc!
Blork the orc is heavily wounded.
You feel sick.
Blork the orc points at you and mumbles some strange words.
The puff of flame hits you!
You barely miss Blork the orc.
Blork the orc is heavily wounded.
You feel sick.
You hit Blork the orc.
Blork the orc is heavily wounded.
You feel sick. Blork the orc barely misses you.
You hit Blork the orc but do no damage.
Blork the orc is heavily wounded.
You feel sick.
Blork the orc looks braver for a moment.
You closely miss Blork the orc.
Blork the orc is severely wounded.
You feel sick.
Blork the orc hits you with a +1 dire flail of venom!
* * * LOW HITPOINT WARNING * * *
You are lethally poisoned!
* * * LOW HITPOINT WARNING * * *
You feel very sick.
Blork the orc hits you with a +1 dire flail of venom.
You die...

#...# #...#
#...#
#####...######.
.........(.....
........(......
........o......
#..@# #...#
#...# #...#
#.>.# #...#
....# ##...#


You could see Blork the orc (poisoned).

Vanquished Creatures
  An ogre (D:4)
  2 hounds
  Crazy Yiuf (D:2)
  2 iguanas (D:4)
  An orc wizard (D:4)
  A hound skeleton (D:4)
  10 adders
  An adder skeleton (D:4)
  A worm (D:2)
  2 dart slugs
  5 orcs
  8 endoplasms
  7 giant cockroaches
  11 goblins
  7 hobgoblins
  5 jackals
  4 kobolds
  A quokka (D:1)
  5 ball pythons
  9 bats
  4 frilled lizards
  7 rats
95 creatures vanquished.

Notes
Turn   | Place    | Note
-------+----------+-------------------------------------------
     0 | D:1      | fiver49 the Formicid Warper began the quest for the Orb.
     0 | D:1      | Reached XP level 1. HP: 16/16 MP: 3/3
   202 | D:1      | Reached XP level 2. HP: 19/22 MP: 5/5
   387 | D:1      | Reached skill level 3 in Axes
   539 | D:1      | Reached XP level 3. HP: 27/27 MP: 6/6
   958 | D:1      | Found a faded altar of an unknown god.
  1295 | D:1      | Reached skill level 4 in Axes
  1295 | D:1      | Reached XP level 4. HP: 33/33 MP: 7/7
  1853 | D:2      | Reached XP level 5. HP: 35/38 MP: 8/8
  1967 | D:2      | Found a runed translucent door.
  1968 | D:2      | Noticed Crazy Yiuf
  1992 | D:2      | Killed Crazy Yiuf
  1993 | D:2      | Reached skill level 5 in Axes
  2976 | D:3      | Reached XP level 6. HP: 44/44 MP: 9/9
  3389 | D:4      | Reached skill level 6 in Axes
  3473 | D:4      | Found Seicrace's Distillery.
  3533 | D:4      | Bought a potion of curing for 36 gold pieces
  3533 | D:4      | Bought a potion of heal wounds for 60 gold pieces
  3564 | D:4      | Noticed an ogre
  4087 | D:4      | Killed an ogre
  4149 | D:4      | Reached skill level 7 in Axes
  4149 | D:4      | Reached XP level 7. HP: 45/50 MP: 10/10
  4529 | D:5      | Entered Level 5 of the Dungeon
  4529 | D:5      | Noticed Blork the orc
  4552 | D:5      | Slain by Blork the orc

Illustrated notes

Levels and vault maps discovered:
D:1:      minmay_arrival_stone_box, layout_basic,
          shapermc_ecumenical_altar_ellora, grunt_decor_junction
D:2:      layout_basic, uniq_crazy_yiuf_cottage
D:3:      layout_basic
D:4:      layout_basic, serial_shops, nicolae_shop_waterfront,
          grunt_decor_resistance
D:5:      layout_loops_cross, mainiacjoe_overflow_big_doors, uniq_blork_the_orc,
          uniq_pikel

Skill      XL: |  1  2  3  4  5  6 |
---------------+-------------------+-----
Axes           | 3 4 5 7 |  7.4
Fighting       | |  2.1
Throwing       | |  1.0
Armour         | |  1.1
Dodging        | |  1.7
Spellcasting   | |  2.1
Translocations | |  2.6

Action                   |  1- 3 |  4- 6 |  7- 9 || total
-------------------------+-------+-------+-------++-------
Melee: Hand axe          |    92 |   178 |    53 ||   323
Throw: Dart              |    50 |    85 |     9 ||   144
       Boomerang         |       |     3 |       ||     3
Evoke: Wand              |       |     5 |       ||     5
 Stab: Paralysed         |       |     4 |       ||     4
       Invisible         |       |     1 |       ||     1
Armor: Leather armour    |    18 |       |       ||    18
       Ring mail         |    11 |    81 |    18 ||   110
Dodge: Dodged            |    53 |    93 |    19 ||   165
